 Dungeon Crawl Stone Soup version 0.28.0-53-g5a82cb258f (webtiles) character file.

Game seed: 11294932917076316867

10 jamesblauser the Conjurer (level 2, -3/20 HPs)
             Began as a Draconian Conjurer on Nov 5, 2022.
             Slain by a kobold
             ... wielding a +0 short sword
              (5 damage)
             ... on level 1 of the Dungeon.
             The game lasted 00:05:01 (332 turns).

jamesblauser the Conjurer (Draconian Conjurer)       Turns: 332, Time: 00:05:01

Health: -3/20      AC:  4    Str:  9    XL:     2   Next: 10%
Magic:  0/5        EV: 12    Int: 18    God:
Gold:   23         SH:  0    Dex:  9    Spells: 2/5 levels left

rFire   . . .      SeeInvis .   b - +0 dagger
rCold   . . .      Faith    .   (no shield)
rNeg    . . .      Spirit   .   (armour unavailable)
rPois   .          Reflect  .   (helmet restricted)
rElec   .          Harm     .   (no cloak)
rCorr   .          Rampage  .   (no gloves)
Will    .....                   (no boots)
Stlth   ++........              (no amulet)
HPRegen 0.06/turn               (no ring)
MPRegen 0.09/turn               (no ring)

@: no status effects
A: AC +4, unfitting armour, cold-blooded
a: no special abilities


You were on level 1 of the Dungeon.
You visited 1 branch of the dungeon, and saw 1 of its levels.

You collected 23 gold pieces.

Inventory:

Hand Weapons
 b - a +0 dagger (weapon)
Armour
 a - a +0 scale mail


   Skills:
 + Level 1.7 Dodging
 + Level 1.7 Stealth
 + Level 2.0 Spellcasting
 + Level 4.4 Conjurations


You had 2 spell levels left.
You knew the following spells:

 Your Spells              Type           Power      Damage    Failure   Level
a - Magic Dart            Conj           72%        1d6       2%          1
b - Searing Ray           Conj           36%        2d5       4%          2

Your spell library contained the following spells:

 Spells                   Type           Power      Damage    Failure   Level
 Dazzling Flash           Conj/Hex       18%        N/A       22%         3
 Fulminant Prism          Conj/Hex       4%         3d6       56%         4
 Iskenderun's Mystic Bla  Conj/Tloc      9%         2d4       56%         4


Dungeon Overview and Level Annotations

Branches:
Dungeon (1/15)

Altars:


Innate Abilities, Weirdness & Mutations

Your plain brown scales are hard. (AC +4)
You cannot fit into any form of body armour.
You are cold-blooded and may be slowed by cold attacks.


Message History

You don't have enough magic to cast this spell.
A kobold comes into view. It is wielding a +0 short sword.
The kobold hits you with a +0 short sword.
You barely miss the kobold.
Your tail-slap misses the kobold.
The kobold is heavily wounded.
The hobgoblin hits you but does no damage.
The kobold hits you with a +0 short sword.
A rat comes into view.
The kobold closely misses you.
You see here a scroll labelled TIXEWI INGEGO.
You hit the hobgoblin.
The hobgoblin is moderately wounded.
The hobgoblin hits you.
The kobold hits you with a +0 short sword.
Welcome back, jamesblauser the Draconian Conjurer.
Press ? for a list of commands and other information.
c - a scroll labelled TIXEWI INGEGO The hobgoblin barely misses you.
The kobold hits you with a +0 short sword.
* * * LOW HITPOINT WARNING * * *
As you read the scroll labelled TIXEWI INGEGO, it crumbles to dust.
Your body is wracked with pain!
* * * LOW HITPOINT WARNING * * *
The hobgoblin convulses!
The goblin convulses!
It was a scroll of torment.
The goblin barely misses you. The hobgoblin barely misses you.
The kobold misses you. The goblin closely misses you.
Aiming: Magic Dart (safe; 3% risk of failure)
Press: ? - help, Q - select action, (/) - cycle Shift-Dir - straight line, f - goblin
Aim: a goblin, wielding a +0 club (moderately wounded, 100% to hit)
The magic dart hits the goblin.
You kill the goblin!
The hobgoblin misses you. The kobold closely misses you.
The kobold hits you with a +0 short sword.
* * * LOW HITPOINT WARNING * * *
The kobold closely misses you. The kobold closely misses you.
The rat bites you.
* * * LOW HITPOINT WARNING * * *
The kobold hits you with a +0 short sword.
You die...

.............##
............$..
...........#
#........#
#.######.....>..#
#.......K.).###..#
#####.r...#
..#.Kg..# #
#.#@##### #.##.#.#
#......# ####.###
#.# #.# #.# #.#
#.#


You could see a hobgoblin, 2 kobolds and a rat.

Vanquished Creatures
  A bat (D:1)
  A goblin (D:1)
  3 hobgoblins (D:1)
  A kobold (D:1)
  A quokka (D:1)
  A ball python (D:1)
8 creatures vanquished.

Notes
Turn   | Place    | Note
-------+----------+-------------------------------------------
     0 | D:1      | jamesblauser the Draconian Conjurer began the quest for the
                  | Orb.
     0 | D:1      | Reached XP level 1. HP: 14/14 MP: 3/3
   293 | D:1      | Reached XP level 2. HP: 19/20 MP: 0/5
   300 | D:1      | Learned a level 2 spell: Searing Ray
   332 | D:1      | Slain by a kobold

Illustrated notes

Levels and vault maps discovered:
D:1:      heliophobic_arrival_dark_side_of_the_moon, layout_basic, serial_shops,
          shop, minmay_indecisive_spiral

Action                   || total
-------------------------++-------
Melee: Unarmed           ||    16
       Tailslap          ||     1
       Dagger            ||     2
 Cast: Magic Dart        ||    16
  Use: Scroll            ||     2
Armor: Skin              ||    15
Dodge: Dodged            ||    32
